 Dungeon Crawl Stone Soup version 0.19-a0-1792-g28b16ba (webtiles) character file.

120 JeffiDaFish the Sneak (level 4, -1/31 HPs)
             Began as a Vampire Enchanter on Oct 4, 2016.
             Slain by a phantom (5 damage)
             ... on level 3 of the Dungeon.
             The game lasted 00:08:09 (2686 turns).

JeffiDaFish the Sneak (Vampire Enchanter)           Turns: 2686, Time: 00:08:10

Health: -1/31      AC:  3    Str:  8    XL:     4   Next: 75%
Magic:  0/7        EV: 13    Int: 17    God:
Gold:   85         SH:  0    Dex: 14    Spells: 3 memorised, 1 level left

rFire  . . .     SeeInvis +     a - +2 dagger
rCold  + . .     Gourm    .     b - +1 robe
rNeg   + + .     Faith    .     (no shield)
rPois  +         Spirit   .     (no helmet)
rElec  .         Dismiss  .     (no cloak)
rCorr  .         Reflect  .     (no gloves)
MR     .....     Harm     .     (no boots)
Stlth  ++++......               (no amulet)
                                (no ring)
                                g - ring of wizardry

@: regenerating slowly
A: fangs 3, see invisible, unbreathing
a: Bat Form


You were on level 3 of the Dungeon.
You were thirsty.

You visited 1 branch of the dungeon, and saw 3 of its levels.

You collected 85 gold pieces.

Inventory:

Hand Weapons
 a - a +2 dagger (weapon)
Armour
 b - a +1 robe (worn)
Jewellery
 g - a ring of wizardry (left hand)
Wands
 j - a wand of lightning (7/15)
Scrolls
 e - 2 scrolls of random uselessness
 f - a scroll of enchant weapon
Potions
 d - 15 potions of blood
 h - a potion of curing
Books
 c - a book of Maledictions

   Spells                             Type                      Level
   a - Corona                         Hexes                        1
   b - Ensorcelled Hibernation        Hexes/Ice                    2
   c - Confuse                        Hexes                        3
   d - Tukima's Dance                 Hexes                        3
   e - Dazzling Spray                 Conjuration/Hexes            3


   Skills:
 + Level 0.8 Fighting
 + Level 2.0 Short Blades
 + Level 2.7 Dodging
 + Level 6.4 Stealth
 + Level 2.1 Spellcasting
 + Level 5.2 Hexes
 + Level 0.4 Ice Magic


You had one spell level left.
You knew the following spells:

 Your Spells              Type           Power        Failure   Level  Hunger
a - Corona                Hex            ###....      1%          1    #......
b - Ensorcelled Hibernat  Hex/Ice        ##....       4%          2    ###....
c - Confuse               Hex            ###.....     4%          3    ###....


Dungeon Overview and Level Annotations

Branches:
Dungeon (3/15)

Altars:


Innate Abilities, Weirdness & Mutations

You heal slowly.
You have razor-sharp teeth.
You have supernaturally acute eyesight. (SInv)
You can survive without breathing.


Message History

The phantom closely misses you. The phantom hits you!
* * * LOW HITPOINT WARNING * * *
The phantom blinks!
The phantom blinks!
The phantom blinks!
The phantom blinks!
The phantom blinks!
Casting: Confuse
Confirm with . or Enter, or press ? or * to list all spells.
Aiming: Confuse
Press: ? - help, Shift-Dir - straight line, f/p - phantom
Aim: a phantom (chance to defeat MR: 32%)
The phantom easily resists.
You hit the phantom.
The phantom is lightly damaged.
You hit the phantom.
The phantom is lightly damaged.
The phantom hits you.
You die...

#.......#
#W####..## #.#
#... #.# #..# #[#
#..# #W####..#
#.......#
######..# #...@#
#...W# #.!..#
###+###....###
#...?....#...#
#........#...#
#........#...#
#........#...#
####.#####.#######


You could see a phantom.

Vanquished Creatures
  5 adders
  4 oozes
  A worm (D:2)
  A dart slug (D:1)
  A leopard gecko (D:2)
  8 giant cockroaches
  6 goblins
  A hobgoblin (D:1)
  4 jackals (D:2)
  7 kobolds
  9 bats
  2 frilled lizards (D:2)
  7 rats
56 creatures vanquished.

Notes
Turn   | Place    | Note
-------+----------+-------------------------------------------
     0 | D:1      | JeffiDaFish the Vampire Enchanter began the quest for the Orb.
     0 | D:1      | Reached XP level 1. HP: 13/13 MP: 3/3
   271 | D:1      | Reached XP level 2. HP: 19/19 MP: 5/5
   394 | D:1      | Reached skill level 5 in Hexes
   560 | D:1      | Learned a level 2 spell: Ensorcelled Hibernation
   997 | D:2      | Reached skill level 5 in Stealth
   997 | D:2      | Reached XP level 3. HP: 22/24 MP: 6/6
  1816 | D:2      | Reached XP level 4. HP: 18/31 MP: 7/7
  2507 | D:3      | Reached skill level 6 in Stealth
  2583 | D:3      | Noticed a phantom
  2599 | D:3      | Learned a level 3 spell: Confuse
  2686 | D:3      | Slain by a phantom

Vault maps used:
D:1:      shiori_arrival_maze
D:3:      hangedman_decor_opposing, tgw_kikubaaqudgha

Skill      XL: |  1  2  3  4 |
---------------+-------------+-----
Hexes          | 5 |  5.2
Stealth        | 5 6 |  6.4
Short Blades   | 2 |  2.0
Fighting       | |  0.8
Dodging        | |  2.7
Spellcasting   | |  2.1
Ice Magic      | |  0.4

Action                   |  1- 3 |  4- 6 || total
-------------------------+-------+-------++-------
Melee: Dagger            |   185 |    65 ||   250
       Bite              |    14 |     5 ||    19
 Cast: Ensorcelled Hiber |     3 |       ||     3
       Confuse           |       |     4 ||     4
  Use: Potion            |     7 |     2 ||     9
       Scroll            |     1 |     6 ||     7
 Stab: Sleeping          |     8 |     9 ||    17
Armor: Robe              |    69 |    11 ||    80
Dodge: Dodged            |   140 |    63 ||   203
